 Dungeon Crawl Stone Soup version 0.15-b1-129-g6fffc38 (webtiles) character file.

16 zercules the Ruinous (level 2, -3/15 HPs)
             Began as a Deep Elf Conjurer on Aug 28, 2014.
             Slain by a gnoll
             ... wielding a +0 whip
              (10 damage)
             ... on Level 1 of the Dungeon.
             The game lasted 00:01:23 (643 turns).

zercules the Ruinous (Deep Elf Conjurer)             Turns: 643, Time: 00:01:23

HP  -3/15        AC  2     Str  5      XL: 2   Next: 37%
MP   0/8         EV 13     Int 19      God:
Gold 31          SH  0     Dex 15      Spells:  1 memorised,  6 levels left

rFire  . . .     SeeInvis .     (no weapon)
rCold  . . .     Clarity  .     a - +0 robe
rNeg   . . .     rCorr    .     (no shield)
rPois  .         rRot     .     (no helmet)
rElec  .         Spirit   .     (no cloak)
SustAb .         Warding  .     (no gloves)
rMut   .         Stasis   .     (no boots)
Gourm  .                        (no amulet)
MR     .....                    (no ring)
                                (no ring)

@: not resistant to hostile enchantments, unstealthy
A: no striking features
a: no special abilities


You were on level 1 of the Dungeon.
You were not hungry.

You visited 1 branch of the dungeon, and saw 1 of its levels.

You collected 31 gold pieces.


   Skills:
 - Level 2.8 Dodging
 - Level 2.8 Stealth
 + Level 3.4 Spellcasting
 + Level 4.5 Conjurations


You had 6 spell levels left.
You knew the following spells:

 Your Spells              Type           Power        Failure   Level  Hunger
a - Magic Dart            Conj           ###.         2%          1    None


Dungeon Overview and Level Annotations

Branches:
Dungeon (1/15)

Altars:

Inventory:

Armour
 a - a +0 robe (worn)
 e - a +0 pair of boots
Comestibles
 b - a bread ration
Scrolls
 g - a scroll of fear {unknown}
Potions
 f - a potion of curing {unknown}
Books
 c - a book of Conjurations

#..# #..#
######..#
#.......#
#.#####.#
#.#####.# ...
#.#.....#
.......#
#.#.#####
........# #@#.#
....)..# #g#.#
......# #.#.#
...g. #.#.# .>.
#######.#.# #'#
#.......#.#######
#.#
#.#######.......#
#.###.# #########
#.....#


You could see a gnoll.


Message History

A goblin comes into view. It is wielding a dagger.
Casting: Magic Dart
Aiming: Magic Dart
Aim: a goblin, wielding a dagger (hasn't noticed you)
The magic dart hits the goblin.
The goblin is lightly wounded.
The gnoll shouts!
A giant cockroach comes into view.
Casting: Magic Dart
Aiming: Magic Dart
Aim: a goblin, wielding a dagger The magic dart hits the goblin.
The goblin is lightly wounded.
Casting: Magic Dart
Aiming: Magic Dart
Aim: a goblin, wielding a dagger (lightly wounded)
The magic dart hits the goblin.
The goblin is severely wounded.
Casting: Magic Dart
Aiming: Magic Dart
Aim: a goblin, wielding a dagger (severely wounded)
The magic dart hits the goblin.
You kill the goblin!
Casting: Magic Dart
Aiming: Magic Dart
Aim: a giant cockroach (clinging)
The magic dart hits the giant cockroach.
The giant cockroach is severely wounded.
The giant cockroach bites you but does no damage.
The giant cockroach bites you.
Casting: Magic Dart
Aiming: Magic Dart
Aim: a giant cockroach (severely wounded, clinging)
The magic dart hits the giant cockroach.
The giant cockroach is almost dead.
The giant cockroach bites you.
Casting: Magic Dart
Aiming: Magic Dart
Aim: a giant cockroach (almost dead, clinging)
The magic dart hits the giant cockroach.
The giant cockroach is almost dead.
The giant cockroach bites you.
Casting: Magic Dart
Aiming: Magic Dart
Aim: a giant cockroach (almost dead, clinging)
The magic dart hits the giant cockroach.
You kill the giant cockroach!
The gnoll misses you.
Casting: Magic Dart
Aiming: Magic Dart
Aim: a gnoll, wielding a whip The magic dart hits the gnoll.
The gnoll is lightly wounded.
The gnoll closely misses you. The gnoll hits you with a whip.
* * * LOW HITPOINT WARNING * * *
Casting: Magic Dart
Aiming: Magic Dart
Aim: a gnoll, wielding a whip (lightly wounded)
The magic dart hits the gnoll.
The gnoll is heavily wounded.
The gnoll misses you.
Casting: Magic Dart
Aiming: Magic Dart
Aim: a gnoll, wielding a whip (heavily wounded)
The magic dart hits the gnoll.
The gnoll is heavily wounded.
The gnoll hits you with a whip!
Ouch! That really hurt!
You die...

Action                   || total
-------------------------++-------
Melee: Unarmed           ||     5
 Cast: Magic Dart        ||    25
 Stab: Sleeping          ||     1

Vault maps used:
D:1:      eino_arrival_water_cross

Notes
Turn   | Place    | Note
--------------------------------------------------------------
     0 | D:1      | zercules, the Deep Elf Conjurer, began the quest for the Orb.
     0 | D:1      | Reached XP level 1. HP: 10/10 MP: 5/5
   274 | D:1      | Reached XP level 2. HP: 7/15 MP: 1/8
   643 | D:1      | Slain by a gnoll

Vanquished Creatures
  A giant mite (D:1)
  2 giant cockroaches (D:1)
  3 goblins (D:1)
  A kobold (D:1)
  A bat (D:1)
8 creatures vanquished.
